 Dungeon Crawl Stone Soup version 0.17.1-3-g152610e (webtiles) character file.

72 manyhoops the Sneak (level 4, 0/22 HPs)
             Began as a Spriggan Assassin on Apr 5, 2016.
             Slain by Heskey's ghost (9 damage)
             ... on level 3 of the Dungeon.
             The game lasted 00:03:18 (1724 turns).

manyhoops the Sneak (Spriggan Assassin)             Turns: 1724, Time: 00:03:18

Health: 0/22       AC:  3    Str:  7    XL:     4   Next: 6%
Magic:  5/5        EV: 24    Int: 12    God:
Gold:   100        SH:  0    Dex: 18    Spells: 0 memorised, 3 levels left

rFire  . . .     SeeInvis +     a - +2 dagger
rCold  . . .     Clarity  .     c - +0 robe
rNeg   . . .     SustAt   .     (shield restricted)
rPois  .         Gourm    .     (helmet restricted)
rElec  .         Spirit   .     d - +0 cloak
rCorr  .         Warding  .     (gloves unavailable)
rMut   .         Stasis   .     (boots unavailable)
MR     .....                    (no amulet)
Stlth  ++++......               (no ring)
                                m - +5 ring of evasion

@: very quick, not resistant to hostile enchantments, stealthy
A: unfitting armour, see invisible, herbivore 3, speed 3, slow metabolism 2
a: no special abilities


You were on level 3 of the Dungeon.
You were not hungry.

You visited 1 branch of the dungeon, and saw 3 of its levels.

You collected 100 gold pieces.

Inventory:

Hand Weapons
 a - a +2 dagger (weapon)
 b - a +0 blowgun
Missiles
 e - 8 poisoned needles
 f - 2 curare-tipped needles
Armour
 c - a +0 robe (worn)
 d - a +0 cloak (worn)
Jewellery
 m - a +5 ring of evasion (left hand)
Scrolls
 h - a scroll of immolation {unknown}
 i - 3 scrolls of teleportation
 l - a scroll of remove curse {unknown}
 n - a scroll of fog {unknown}
 o - a scroll of fear {unknown}
 p - 2 scrolls of enchant weapon
 q - a scroll of magic mapping {unknown}
Potions
 j - a potion of cancellation {unknown}
 k - 2 potions of might {unknown}
 r - a potion of poison {unknown}
Comestibles
 g - 2 bread rations


   Skills:
 - Level 1.5 Fighting
 - Level 2.1 Short Blades
 - Level 2.0 Throwing
 + Level 3.9 Dodging
 * Level 7.5 Stealth


You had 3 spell levels left.
You didn't know any spells.

Dungeon Overview and Level Annotations

Branches:
Dungeon (3/15)

Altars:
Ashenzari

Annotations:
D:3 Heskey's ghost, amateur DrGl


Innate Abilities, Weirdness & Mutations

You are tiny and cannot use many weapons and most armour.
You have supernaturally acute eyesight.
You are a herbivore.
You cover ground extremely quickly.
You need consume almost no food.


Message History

Heskey's ghost is moderately damaged.
The rat closely misses you. The ooze hits you. Heskey's ghost misses you.
You barely miss Heskey's ghost.
Heskey's ghost is moderately damaged.
The rat misses you. The ooze closely misses you.
You closely miss Heskey's ghost.
Heskey's ghost is moderately damaged.
Heskey's ghost completely misses you. The rat barely misses you.
The ooze completely misses you.
You closely miss Heskey's ghost.
Heskey's ghost is moderately damaged.
Heskey's ghost closely misses you. The rat misses you.
The ooze completely misses you.
You hit Heskey's ghost.
Heskey's ghost is moderately damaged.
Heskey's ghost misses you. The rat misses you. The ooze closely misses you.
You hit Heskey's ghost but do no damage.
Heskey's ghost is moderately damaged.
Heskey's ghost hits you!
You die...

#. #.# #..# .. #..##
#.# #... #.. ...# #.##
#..# ###..#####..#
+.......##'#####
###...##...@J..#
.......#.##...Wr..(...
##.....#..#...........
.......##.#...........
######. #.###+##......
.. #.^# .# ...... ..
##.# .# ...... ..
#.##.# ...... #.##.#


You could see Heskey's ghost, an ooze and a rat.

Vanquished Creatures
  3 adders
  An ooze (D:2)
  A giant gecko (D:3)
  A ball python (D:1)
  5 bats
  8 hobgoblins
  4 giant newts
  6 goblins
  9 kobolds
  A quokka (D:2)
  5 rats
44 creatures vanquished.

Notes
Turn   | Place    | Note
--------------------------------------------------------------
     0 | D:1      | manyhoops the Spriggan Assassin began the quest for the Orb.
     0 | D:1      | Reached XP level 1. HP: 10/10 MP: 2/2
    18 | D:1      | Reached skill level 6 in Stealth
   246 | D:1      | Reached XP level 2. HP: 8/14 MP: 3/3
   417 | D:1      | Found a shattered altar of Ashenzari.
   446 | D:1      | Reached skill level 7 in Stealth
   782 | D:2      | Reached XP level 3. HP: 18/18 MP: 4/4
  1429 | D:3      | Reached XP level 4. HP: 8/22 MP: 5/5
  1698 | D:3      | Noticed Heskey's ghost (amateur DrGl)
  1724 | D:3      | Slain by Heskey's ghost

Action                   |  1- 3 |  4- 6 || total
-------------------------+-------+-------++-------
Melee: Dagger            |   116 |    31 ||   147
  Use: Scroll            |     2 |       ||     2
 Stab: Sleeping          |    16 |       ||    16
       Distracted        |     1 |       ||     1
